 Dungeon Crawl Stone Soup version 0.31-a0-176-g91f28db67f (webtiles) character file.

Game seed: 11067881736299060963

1242 Pixllover the Cleaver (level 8, -17/70 HPs)
             Began as a Minotaur Fighter on June 18, 2023.
             Was an Initiate of Trog.
             Demolished by an ogre
             ... wielding a +0 giant spiked club
              (22 damage)
             ... on level 6 of the Dungeon.
             The game lasted 00:15:56 (4941 turns).

Pixllover the Cleaver (Minotaur Fighter)            Turns: 4941, Time: 00:15:56

Health: -17/70     AC: 14    Str: 24    XL:     8   Next: 25%
Magic:  7/7        EV:  7    Int:  5    God:    Trog [......]
Gold:   242        SH:  0    Dex:  9    Spells: 7/7 levels left

rFire   . . .        e - +0 battleaxe
rCold   . . .        (shield currently unavailable)
rNeg    . . .        l - +0 plate armour
rPois   .            (helmet restricted)
rElec   .            (no cloak)
rCorr   .            (no gloves)
SInv    .            g - +0 pair of boots
Will    .....        (no amulet) Stlth
                     (no ring)
HPRegen 0.31/turn    (no ring)
MPRegen 0.10/turn

%: no passive effects
@: about to teleport
A: horns 2, retaliatory headbutt
a: Renounce Religion


You were on level 6 of the Dungeon.
You worshipped Trog.
Trog was noncommittal.
You visited 2 branches of the dungeon, and saw 7 of its levels.

You collected 242 gold pieces.

Inventory:

Hand Weapons
 a - a +0 war axe
 e - a +0 battleaxe (weapon)
Missiles
 f - 13 poisoned darts (quivered)
 v - 2 boomerangs
Armour
 b - a +0 scale mail
 c - a +0 buckler
 g - a +0 pair of boots (worn)
 l - a +0 plate armour (worn)
Jewellery
 p - a ring of fire
Wands
 n - a wand of flame (16)
 o - a wand of polymorph (6)
 s - a wand of acid (5)
Scrolls
 j - a scroll of teleportation
 q - a scroll of silence {unknown}
 t - a scroll of immolation {unknown}
 w - a scroll of enchant weapon {unknown}
Potions
 d - a potion of might
 h - a potion of haste
 i - 2 potions of attraction {unknown}
 k - a potion of curing {unknown}
 m - 2 potions of brilliance
 r - a potion of resistance {unknown}
 u - 4 potions of degeneration {unknown}
 x - a potion of experience {unknown}
 z - a potion of magic {unknown}


   Skills:
 + Level 6.1 Fighting
 + Level 8.6 Axes
 + Level 6.6 Armour
 + Level 2.2 Dodging
 + Level 1.0 Stealth
 + Level 4.1 Shields
 + Level 1.0 Unarmed Combat


You had 7 spell levels left.
You didn't know any spells.
Your spell library contained the following spells:

 Spells                   Type           Power      Damage    Failure   Level
 Ensorcelled Hibernation  Hex/Ice        0%         N/A       100%        2
 Spider Form              Tmut/Pois      0%         N/A       100%        3
 Volatile Blastmotes      Fire/Tloc      0%         2d10      100%        3
 Anguish                  Hex/Necr       0%         N/A       100%        4
 Fulminant Prism          Conj/Hex       0%         3d5       100%        4
 Iskenderun's Mystic Bla  Conj/Tloc      0%         2d3       100%        4
 Lee's Rapid Deconstruct  Erth           0%         3d4*      100%        5


Dungeon Overview and Level Annotations

Branches:
Dungeon (6/15)             Temple (1/1) D:5

Altars:
Ashenzari
Cheibriados
Fedhas
Hepliaklqana
Kikubaaqudgha
Nemelex Xobeh
Qazlal
Ru
Sif Muna
Trog
Uskayaw
Vehumet
Xom
Yredelemnul
The Shining One


Innate Abilities, Weirdness & Mutations

You have a pair of horns on your head.
You reflexively headbutt those who attack you in melee.


Message History

The river rat disappears in a puff of smoke!
The iron imp disappears in a puff of smoke!
Your Fighting skill increases to level 6!
Your Stealth skill increases to level 1!
You now have 242 gold pieces (gained 13).
i - 2 bubbling purple potions
There is a stone staircase leading up, spattered with blood here.
Things that are here:
a +2 rapier of freezing; a +0 leather armour An orc and an ogre come into view.
The ogre shouts!
An iguana comes into view.
An electric eel comes into view.
The iguana hisses angrily.
An ufetubus comes into view.
The orc hits you but does no damage.
You see here a fizzy black potion.
z - a fizzy black potion The orc barely misses you.
You furiously retaliate!
You headbutt the orc. The orc attacks as you move away!
The orc hits you with a +0 dagger.
You barely miss the orc. Your headbutt misses the orc.
The orc is almost dead.
You barely miss the ogre. The orc hits you but does no damage.
The ogre hits you with a +0 giant spiked club.
You hit the orc.
You kill the orc!
Trog accepts your kill.
You barely miss the iguana. You hit the ogre.
The iguana bites you but does no damage.
The ogre hits you with a +0 giant spiked club!!
The ogre attacks as you move away!
The ogre hits you with a +0 giant spiked club!!
* * * LOW HITPOINT WARNING * * *
Okay, then.
As you read the scroll of teleportation, it crumbles to dust.
You feel strangely unstable.
The iguana bites you but does no damage.
The ogre attacks as you move away!
The ogre hits you with a +0 giant spiked club!!
You die...

... .#... #..####.#..
...............
...............
..##..................
...^≈...##.........#.#
P.^≈#≈≈......#.#......
...._.≈.##...#@#.....#
..≈≈≈#≈.##[...lO......
...§≈^.......#5.......
#..§.........#.#......
#.......)....P..
#.###...>...~~.~
######<# #........~~P
#......# ####..♣SP~~~
####.###### #....~.~~


You could see an ogre, an iguana, an electric eel and an ufetubus.

Vanquished Creatures
  Sigmund (D:5)
  Eustachio (D:6)
  Duvessa (D:5)
  A sky beast (D:6)
  A black bear (D:5)
  An ogre (D:4)
  Blork the orc (D:5)
  2 scorpions (D:5)
  Dowan (D:5)
  A howler monkey (D:5)
  2 jellies
  3 iguanas
  Natasha (D:2)
  2 adders (D:5)
  A shadow imp (D:5)
  2 ufetubi (D:5)
  2 worms (D:2)
  4 dart slugs
  10 orcs
  10 bats
  9 endoplasms
  9 goblins
  8 hobgoblins
  3 jackals (D:2)
  5 quokkas
  7 ball pythons
  4 frilled lizards
  14 kobolds
  8 rats
115 creatures vanquished.

Notes
Turn   | Place    | Note
-------+----------+-------------------------------------------
     0 | D:1      | Pixllover the Minotaur Fighter began the quest for the Orb.
     0 | D:1      | Reached XP level 1. HP: 19/19 MP: 0/0
   163 | D:1      | Reached XP level 2. HP: 27/27 MP: 1/1
   210 | D:1      | Found a faded altar of an unknown god.
   367 | D:1      | Reached XP level 3. HP: 33/33 MP: 2/2
   401 | D:1      | Reached skill level 3 in Axes
  1356 | D:2      | Found a blossoming altar of Fedhas.
  1358 | D:2      | Noticed Natasha
  1362 | D:2      | Killed Natasha
  1363 | D:2      | Reached XP level 4. HP: 40/40 MP: 3/3
  2271 | D:3      | Reached skill level 4 in Axes
  2350 | D:4      | Found a sacrificial altar of Ru.
  2365 | D:4      | Noticed an ogre
  2369 | D:4      | Killed an ogre
  2370 | D:4      | Reached skill level 1 in Dodging
  2370 | D:4      | Reached XP level 5. HP: 47/47 MP: 4/4
  2565 | D:4      | Reached skill level 5 in Axes
  2692 | D:4      | Reached skill level 5 in Fighting
  2692 | D:4      | Reached XP level 6. HP: 39/56 MP: 5/5
  3442 | D:5      | Entered Level 5 of the Dungeon
  3472 | D:5      | Reached skill level 5 in Armour
  3517 | D:5      | Noticed Sigmund
  3528 | D:5      | Noticed Duvessa
  3528 | D:5      | Noticed Dowan
  3544 | D:5      | Killed Duvessa
  3565 | D:5      | Killed Dowan
  3566 | D:5      | Reached skill level 6 in Axes
  3733 | D:5      | Found a staircase to the Ecumenical Temple.
  3753 | D:5      | Reached XP level 7. HP: 61/61 MP: 6/6
  3768 | D:5      | Identified the +1 leather armour of Lilacs {rF+ rCorr Str+2
                  | Dex+4}
  4009 | Temple   | Entered the Ecumenical Temple
  4180 | D:5      | Found a shimmering altar of Xom.
  4193 | D:5      | Noticed Blork the orc
  4205 | D:5      | Killed Blork the orc
  4304 | D:5      | Reached skill level 7 in Axes
  4672 | D:5      | Killed Sigmund
  4673 | D:5      | Reached skill level 1 in Unarmed Combat
  4728 | D:5      | Reached skill level 8 in Axes
  4743 | D:5      | Reached XP level 8. HP: 70/70 MP: 7/7
  4822 | D:5      | Found a bloodstained altar of Trog.
  4835 | D:5      | Became a worshipper of Trog the Wrathful
  4878 | D:6      | Noticed Eustachio
  4879 | D:6      | Found a stormy altar of Qazlal.
  4907 | D:6      | Killed Eustachio
  4908 | D:6      | Reached skill level 1 in Stealth
  4941 | D:6      | Demolished by an ogre

Illustrated notes

Levels and vault maps discovered:
D:1:      onia_arrival_mini_maze_b, layout_loops_ring,
          hellmonk_ecumenical_altar_inner_sanctum
D:2:      layout_loops_ring, basic_altar, uniq_natasha
D:3:      layout_basic, grunt_decor_mini_mirrors
D:4:      wad_lake_hut, layout_basic, kennysheep_mini_moat
D:5:      layout_gridville, xom_teletrap_fun, mainiacjoe_overflow_alcove_1,
          minmay_temple_entry_statues, grunt_decor_cap, uniq_blork_the_orc,
          uniq_sigmund, uniq_duvessa
D:6:      layout_basic, grunt_temple_overflow_forces_of_nature,
          jmf_multi_god_temple, serial_bayou, serial_bayou_pond_a,
          serial_bayou_pond_b, serial_bayou_lake_a, serial_bayou_ford_a,
          hangedman_abyss_or_decor_slice, uniq_maggie, uniq_prince_ribbit1,
          uniq_crazy_yiuf_cottage, uniq_eustachio
Temple:   nicolae_temple_ecumenical_triangle

Skill      XL: |  1  2  3  4  5  6  7  8 |
---------------+-------------------------+-----
Shields        | 4 |  4.1
Fighting       | 4 5 6 |  6.1
Armour         | 4 5 6 |  6.6
Axes           | 3 4 5 6 8 |  8.6
Dodging        | 1 2 |  2.2
Unarmed Combat | 1 |  1.0
Stealth        | 1 |  1.0

Action                     |  1- 3 |  4- 6 |  7- 9 || total
---------------------------+-------+-------+-------++-------
  Melee: Battleaxe         |   114 |   105 |    78 ||   297
         Headbutt          |    10 |    11 |     8 ||    29
         Unarmed           |       |     7 |       ||     7
    Use: Scroll            |       |     8 |     2 ||    10
         Potion            |       |       |     1 ||     1
 Armour: Scale mail        |    95 |    12 |       ||   107
         Plate armour      |       |   100 |    59 ||   159
         Skin              |       |     1 |       ||     1
  Dodge: Dodged            |    83 |    71 |    23 ||   177

Table legend: (Time is in decaauts)
 A = Elapsed time spent in this place.
 B = Non-inter-level travel time spent in this place.
 C = Inter-level travel time spent in this place.
 D = Time resting spent in this place.
 E = Time spent auto-exploring this place.
 F = Levels seen in this place.
 G = Mean time per level.
                   A        B        C        D        E       F      G
               +--------+--------+--------+--------+--------+-----+--------+
         Total |   5119 |   4932 |    187 |    121 |   2962 |   7 |  731.3 |
       Dungeon |   4959 |   4772 |    187 |    121 |   2962 |   6 |  826.5 |
        Temple |    159 |    159 |      0 |      0 |      0 |   1 |  159.0 |
               +--------+--------+--------+--------+--------+-----+--------+

Top non-repeatable levels by time:
     D:5: 1308 daAuts
     D:4: 1177 daAuts
     D:1: 947 daAuts
     D:3: 737 daAuts
     D:2: 719 daAuts
  Temple: 159 daAuts
     D:6: 69 daAuts
